 Dungeon Crawl Stone Soup version 0.22.0-49-gab54619 (webtiles) character file.

65075 nicolaieve the Tortoise (level 14, -1/138 HPs)
             Began as a Minotaur Berserker on Sept 7, 2018.
             Was a High Priest of Trog.
             Slain by a spiny frog (6 damage)
             ... on level 6 of the Lair of Beasts.
             The game lasted 01:18:44 (15132 turns).

nicolaieve the Tortoise (Minotaur Berserker)       Turns: 15132, Time: 01:18:45

Health: -1/138     AC: 23    Str: 28    XL:     14   Next: 74%
Magic:  16/16      EV:  2    Int:  4    God:    Trog [*****.]
Gold:   1523       SH:  0    Dex: 15    Spells: 13/13 levels left

rFire    + . .     SeeInvis .   f - +0 morningstar (drain)
rCold    + . .     Gourm    +   (no shield)
rNeg     + + +     Faith    .   P - +4 plate armour
rPois    ∞         Spirit   .   (helmet restricted)
rElec    .         Reflect  .   T - scarf {rC+ rF+}
rCorr    .         Harm     .   F - +0 pair of gloves {Str+3}
MR       +....                  (no boots)
Stlth    ..........             B - amulet of the gourmand
HPRegen  0.33/turn              w - +3 ring of dexterity
MPRegen  0.15/turn              G - ring of poison resistance

@: petrified, berserk cooldown, slowed
A: retaliatory headbutt, horns 2
a: Berserk, Trog's Hand, Brothers in Arms, Renounce Religion


You were on level 6 of the Lair of Beasts.
You worshipped Trog.
Trog was extremely pleased with you.
You were very full.

You visited 2 branches of the dungeon, and saw 17 of its levels.
You also visited: Ossuary and Volcano.

You collected 1523 gold pieces.

Inventory:

Hand Weapons
 f - a +0 morningstar of draining (weapon)
 n - a +1 great mace of flaming
 A - a +3 flail of holy wrath
 C - the +7 hunting sling "Gitipism" {speed, rN+ MR+ SInv}
   (You found it on level 5 of the Dungeon)

   Attacks with this weapon are significantly faster.
   It protects you from negative energy.
   It affects your resistance to hostile enchantments.
   It lets you see invisible.
 H - the +8 fustibalus of Hyuppoy {venom, rPois rC++}
   (Trog gifted it to you on level 10 of the Dungeon)

   It poisons the ammo it fires.
   It greatly protects you from cold.
   It protects you from poison.
Missiles
 i - 428 stones (quivered)
 M - 172 sling bullets
Armour
 F - a +0 pair of gloves of strength (worn)
 N - a +3 plate armour of fire resistance
 P - a +4 plate armour (worn)
 T - a scarf of resistance (worn)
Jewellery
 j - an uncursed amulet of rage {unknown}
 w - a +3 ring of dexterity (left hand)
 x - an uncursed amulet of rage {unknown}
 B - an amulet of the gourmand (around neck)
 G - a ring of poison resistance (right hand)
Wands
 d - a wand of digging (24)
 k - a wand of flame (8)
 J - a wand of disintegration (13)
 K - a wand of iceblast (25)
 Q - a wand of random effects (27)
 R - a wand of polymorph (12)
Scrolls
 a - 16 scrolls of remove curse {unknown}
 g - 2 scrolls of blinking
 h - 4 scrolls of teleportation
 l - a scroll of torment {unknown}
 m - 3 scrolls of enchant armour
 p - 3 scrolls of fear {unknown}
 q - 5 scrolls of amnesia {unknown}
 s - a scroll of fog
 t - 4 scrolls of immolation {unknown}
 y - 4 scrolls of magic mapping {unknown}
 z - a scroll of vulnerability {unknown}
 D - 4 scrolls of random uselessness {unknown}
 L - 2 scrolls of enchant weapon
 O - a scroll of noise {unknown}
 S - a scroll of silence {unknown}
Potions
 b - 4 potions of flight
 e - 9 potions of curing
 o - 5 potions of haste
 r - 2 potions of mutation
 u - 2 potions of agility
 v - 3 potions of lignification
 E - a potion of berserk rage
Comestibles
 c - 30 rations
 I - 12 chunks of flesh


   Skills:
 + Level 16.4 Fighting
 * Level 14.5 Maces & Flails
 + Level 10.0 Slings
 + Level 17.6 Armour
 - Level 2.6 Dodging
 - Level 4.4 Evocations


You had 13 spell levels left.
You didn't know any spells.
Your spell library was empty.

Dungeon Overview and Level Annotations

Branches:
Dungeon (11/15)            Temple (0/1) D:4            Lair (6/6) D:11
  Swamp (0/4) Lair:3        Snake (0/4) Lair:2        Slime (0/5) Lair:5
    Orc (0/2) D:11

Altars:
Dithmenos
Fedhas
Kikubaaqudgha
Qazlal
Ru
Xom
Jiyva

Shops:
D:9 %

Annotations:
D:7 1 runed door, Inarius's ghost, novice DsGl


Innate Abilities, Weirdness & Mutations

You reflexively headbutt those who attack you in melee.
You have a pair of horns on your head.


Message History

The dream sheep bites you but does no damage.
The black mamba bites you but does no damage.
The spiny frog stings you but does no damage.
The black mamba bites you but does no damage.
The dream sheep bites you but does no damage.
The black mamba bites you but does no damage.
The spiny frog stings you but does no damage.
The dream sheep bites you but does no damage.
The black mamba bites you but does no damage.
The black mamba bites you.
* * * LOW HITPOINT WARNING * * *
The spiny frog stings you!
* * * LOW HITPOINT WARNING * * *
The dream sheep bites you but does no damage.
The spiny frog stings you but does no damage.
The black mamba bites you but does no damage.
The black mamba barely misses you.
The dream sheep bites you but does no damage.
The spiny frog stings you!
You die...

...## ###.....## ...#
...# #......## ...#
...###.......# ...#
#####..##......P## ...#
#.......#.......# ...#
...#..P##......# ..##
##### .....##......#
..#
##...#####FY##......##
..#
##....#....S@##.(.....#
...
#.#..........###.....##
#....#.......# #.)...#
#......#....## #.....#
#..###.#P..##
##.....###
#...#...##.##
#........# .
#...#....### #.......##
.. #...#...##.##
#.......# ..
##..###.#...# ##.....##


You could see a black mamba, a spiny frog and a dream sheep.

Vanquished Creatures
  Gastronok (D:8)
  Josephine (Lair:6)
  Harold (D:9)
  10 hydras
  2 catoblepae
  The ghost of nightchill the Severer, a novice HOMo of Yredelemnul (Lair:1)
  The ghost of Kagorn the Fighter, a journeyman GrBe of Trog (Lair:2)
  3 two-headed ogres
  7 death yaks
  An unseen horror (D:11)
  Pikel (D:7)
  2 lindwurms (Volcano)
  A manticore (Lair:6)
  3 cyclopes (D:11)
  8 elephants (Lair:6)
  5 black mambas
  A torpor snail (Lair:6)
  12 spiny frogs
  5 molten gargoyles (Volcano)
  2 rime drakes
  2 efreet (Volcano)
  4 komodo dragons
  6 trolls
  A tyrant leech (Lair:3)
  5 hornets
  A polar bear (Lair:6)
  Prince Ribbit (D:7)
  4 dream sheep
  17 blink frogs
  6 hippogriffs
  4 spriggans
  Sigmund (D:5)
  3 wraiths (Lair:6)
  3 basilisks
  52 yaks
  4 fire elementals (Volcano)
  2 hungry ghosts
  3 steam dragons (D:9)
  3 swamp worms (Lair:3)
  3 nagas (Lair:2)
  Duvessa (D:6)
  15 water moccasins
  11 porcupines
  5 black bears
  10 orc warriors
  4 slaves (D:7)
  2 ice beasts
  3 sky beasts
  2 phantoms
  A necrophage (D:9)
  4 ogres
  20 wolves
  A boggart (Lair:4)
  5 centaurs
  15 crocodiles
  Blork the orc (D:5)
  3 big kobolds (D:8)
  An earth elemental (Volcano)
  9 bullfrogs
  2 wyvern skeletons
  4 scorpions
  Dowan (D:6)
  3 killer bees (D:11)
  4 wights (D:6)
  An electric eel (Lair:5)
  A howler monkey (D:10)
  3 crimson imps
  6 bullfrog zombies (Ossuary)
  5 jellies
  2 quasits
  2 centaur zombies (Ossuary)
  10 orc priests
  4 hounds
  2 bullfrog skeletons
  11 orc wizards
  A centaur skeleton (D:9)
  Natasha (D:3)
  A hell rat (Lair:6)
  8 worker ants
  A killer bee zombie (Ossuary)
  2 hound zombies (Ossuary)
  A hound skeleton (D:7)
  15 mummies (Ossuary)
  A howler monkey zombie (Ossuary)
  5 worker ant zombies
  4 gnolls
  11 adders
  A shadow imp (D:8)
  3 adder zombies
  4 worms
  3 dart slugs
  8 leopard geckos
  47 orcs
  6 giant cockroaches
  7 goblins
  8 hobgoblins
  19 jackals
  5 quokkas
  3 ball pythons
  8 bats
  7 frilled lizards
  A giant cockroach zombie (Ossuary)
  A jackal skeleton (D:4)
  A jackal zombie (D:5)
  10 kobolds
  2 leopard gecko skeletons
  A leopard gecko zombie (Ossuary)
  A quokka zombie (D:9)
  14 rats
  2 fire vortices (Volcano)
  A plant (Lair:3)
581 creatures vanquished.

Vanquished Creatures (collateral kills)
  The ghost of Wabbos the Cleaver, a journeyman MiFi of Makhleb (Lair:4)
1 creature vanquished.

Vanquished Creatures (others)
  2 fire vortices (Volcano)
  4 fungi
  14 plants
  2 withered plants (Ossuary)
22 creatures vanquished.

Grand Total: 604 creatures vanquished

Notes
Turn   | Place    | Note
-------+----------+-------------------------------------------
     0 | D:1      | nicolaieve the Minotaur Berserker began the quest for the
                  | Orb.
     0 | D:1      | Reached XP level 1. HP: 19/19 MP: 0/0
   117 | D:1      | Reached XP level 2. HP: 21/27 MP: 1/1
   579 | D:1      | Reached XP level 3. HP: 33/33 MP: 2/2
   691 | D:2      | Reached ** piety under Trog
   691 | D:2      | Reached skill level 3 in Armour
   939 | D:2      | Found a sacrificial altar of Ru.
   940 | D:2      | Found a blossoming altar of Fedhas.
   943 | D:2      | Reached XP level 4. HP: 40/40 MP: 3/3
  1077 | D:2      | Reached skill level 5 in Maces & Flails
  1482 | D:3      | Reached XP level 5. HP: 46/46 MP: 4/4
  1650 | D:3      | Reached *** piety under Trog
  1878 | D:3      | Noticed Natasha
  1880 | D:3      | Killed Natasha
  2110 | D:4      | Reached XP level 6. HP: 28/52 MP: 5/5
  2430 | D:4      | Found a staircase to the Ecumenical Temple.
  2554 | D:5      | Entered Level 5 of the Dungeon
  2573 | D:5      | Found a sand-covered staircase.
  2583 | Ossuary  | Entered an ossuary
  2605 | Ossuary  | Reached XP level 7. HP: 46/59 MP: 6/6
  2650 | Ossuary  | Reached **** piety under Trog
  2666 | Ossuary  | Reached skill level 10 in Maces & Flails
  2849 | Ossuary  | Reached XP level 8. HP: 51/66 MP: 7/7
  2966 | D:5      | Noticed Blork the orc
  2974 | D:5      | Killed Blork the orc
  3034 | D:5      | Got a crystal hunting sling
  3035 | D:5      | Identified the +7 hunting sling "Gitipism" {speed, rN+ MR+
                  | SInv} (You found it on level 5 of the Dungeon)
  3190 | D:5      | Noticed Sigmund
  3194 | D:5      | Killed Sigmund
  3535 | D:6      | Found a shadowy altar of Dithmenos.
  3535 | D:6      | Noticed Dowan
  3536 | D:6      | Noticed Duvessa
  3539 | D:6      | Killed Dowan
  3545 | D:6      | Killed Duvessa
  3545 | D:6      | Reached XP level 9. HP: 64/71 MP: 8/8
  3696 | D:6      | Found an ancient bone altar of Kikubaaqudgha.
  3779 | D:6      | Reached skill level 1 in Slings
  3779 | D:6      | Reached skill level 1 in Evocations
  4114 | D:7      | Noticed Pikel
  4133 | D:7      | Killed Pikel
  4176 | D:7      | Reached ***** piety under Trog
  4188 | D:7      | Reached skill level 5 in Slings
  4314 | D:7      | Found a runed door.
  4404 | D:7      | Noticed Prince Ribbit
  4476 | D:7      | Killed Prince Ribbit
  4527 | D:7      | Noticed Inarius's ghost (novice DsGl)
  4569 | D:8      | Received a gift from Trog
  4703 | D:8      | Noticed a two-headed ogre
  4706 | D:8      | Killed a two-headed ogre
  4706 | D:8      | Reached skill level 5 in Fighting
  4706 | D:8      | Reached skill level 4 in Armour
  4706 | D:8      | Reached XP level 10. HP: 81/81 MP: 12/12
  4766 | D:8      | Noticed a two-headed ogre
  4773 | D:8      | Killed a two-headed ogre
  4773 | D:8      | Reached skill level 5 in Armour
  5005 | D:8      | Reached skill level 6 in Armour
  5181 | D:8      | Found a stormy altar of Qazlal.
  5220 | D:8      | Noticed Gastronok
  5242 | D:8      | Killed Gastronok
  5242 | D:8      | Reached skill level 8 in Armour
  5268 | D:8      | Noticed a two-headed hydra
  5284 | D:8      | Killed a two-headed hydra
  5284 | D:8      | Reached skill level 9 in Armour
  5284 | D:8      | Reached XP level 11. HP: 45/95 MP: 13/13
  5602 | D:9      | Found a shimmering altar of Xom.
  5666 | D:9      | Reached skill level 10 in Armour
  5672 | D:9      | Received a gift from Trog
  6082 | D:9      | Noticed Harold
  6093 | D:9      | Killed Harold
  6093 | D:9      | Reached skill level 10 in Fighting
  6093 | D:9      | Reached skill level 11 in Armour
  6186 | D:9      | Found Muqezxon's Food Shoppe.
  6323 | D:10     | Entered Level 10 of the Dungeon
  6709 | D:10     | Reached skill level 12 in Armour
  6843 | D:10     | Received a gift from Trog
  6853 | D:10     | Got a transparent fustibalus {god gift}
  6854 | D:10     | Identified the +8 fustibalus of Hyuppoy {venom, rPois rC++}
                  | (Trog gifted it to you on level 10 of the Dungeon)
  7071 | D:11     | Noticed a two-headed ogre
  7083 | D:11     | Killed a two-headed ogre
  7100 | D:11     | Found a staircase to the Lair.
  7187 | D:11     | Noticed an unseen horror
  7201 | D:11     | Paralysed by a hornet for 1 turns
  7252 | D:11     | Killed an unseen horror
  7252 | D:11     | Reached XP level 12. HP: 29/110 MP: 14/14
  7581 | D:11     | Noticed a six-headed hydra
  7593 | D:11     | Killed a six-headed hydra
  7593 | D:11     | Reached skill level 13 in Armour
  7932 | D:11     | Found a staircase to the Orcish Mines.
  8135 | Lair:1   | Entered Level 1 of the Lair of Beasts
  8362 | Lair:1   | Found a runed gate.
  8362 | Lair:1   | Found a runed gate.
  8364 | Lair:1   | Found a runed gate.
  8374 | Lair:1   | Found a dark tunnel.
  8390 | Lair:1   | Noticed nightchill's ghost (novice HOMo)
  8415 | Volcano  | Entered a volcano
  8592 | Volcano  | Reached skill level 14 in Armour
  9117 | Lair:1   | Reached XP level 13. HP: 79/119 MP: 15/15
  9297 | Lair:1   | Received a gift from Trog
  9589 | Lair:1   | Killed nightchill's ghost
 10065 | Lair:2   | Found a runed door.
 10066 | Lair:2   | Noticed Kagorn's ghost (journeyman GrBe)
 10085 | Lair:2   | Killed Kagorn's ghost
 10138 | Lair:2   | Found a staircase to the Snake Pit.
 10433 | Lair:3   | Reached skill level 15 in Armour
 10811 | Lair:3   | Found a staircase to the Swamp.
 12164 | Lair:4   | Found a runed door.
 12165 | Lair:4   | Noticed Wabbos's ghost (journeyman MiFi)
 12474 | Lair:4   | Killed Wabbos's ghost
 12474 | Lair:4   | Received a gift from Trog
 12576 | Lair:5   | Reached skill level 16 in Armour
 12797 | Lair:6   | Entered Level 6 of the Lair of Beasts
 13028 | Lair:5   | Reached skill level 15 in Fighting
 13028 | Lair:5   | Reached XP level 14. HP: 135/135 MP: 16/16
 13075 | Lair:5   | Found a viscous altar of Jiyva.
 13076 | Lair:5   | Found a staircase to the Slime Pits.
 13230 | Lair:5   | Reached skill level 10 in Slings
 13518 | Lair:5   | Received a gift from Trog
 13758 | Lair:6   | Noticed Josephine
 13768 | Lair:6   | Killed Josephine
 14085 | Lair:6   | Reached skill level 17 in Armour
 14755 | Lair:6   | Received a gift from Trog
 15131 | Lair:6   | HP: 4/138 [spiny frog (6)]
 15132 | Lair:6   | Slain by a spiny frog

Skill      XL: |  1  2  3  4  5  6  7  8  9 10 11 12 13 14 |
---------------+-------------------------------------------+-----
Fighting       | 4 5 8 11 12 15 16 | 16.4
Maces & Flails | 4 6 7 9 11 13 14 | 14.5
Armour         | 3 4 9 12 14 16 17 | 17.6
Slings         | 5 6 8 9 10 | 10.0
Evocations     | 4 |  4.4
Dodging        | |  2.6

Action                   |  1- 3 |  4- 6 |  7- 9 | 10-12 | 13-15 || total
-------------------------+-------+-------+-------+-------+-------++-------
Melee: Mace              |    70 |       |       |       |       ||    70
       Headbutt          |    14 |    33 |    99 |   182 |   205 ||   533
       Whip              |    33 |   167 |   182 |       |       ||   382
       Flail             |       |       |   158 |   573 |   564 ||  1295
       Morningstar       |       |       |       |       |    96 ||    96
 Fire: Hunting sling     |       |       |       |    15 |       ||    15
       Fustibalus        |       |       |       |    13 |     2 ||    15
Invok: Berserk           |     1 |     4 |     8 |    15 |    22 ||    50
       Trog's Hand       |       |     1 |     4 |    10 |    13 ||    28
       Brothers in Arms  |       |       |       |       |     1 ||     1
  Use: Scroll            |       |       |     6 |     8 |     7 ||    21
       Potion            |       |       |       |     2 |     8 ||    10
  Eat: Chunk             |     1 |     8 |    29 |    32 |    51 ||   121
       Ration            |       |       |     1 |       |       ||     1
Armor: Leather armour    |     3 |       |       |       |       ||     3
       Ring mail         |    23 |       |       |       |       ||    23
       Chain mail        |     4 |    64 |    98 |    65 |       ||   231
       Plate armour      |       |       |       |   329 |   483 ||   812
       Skin              |       |       |       |       |   178 ||   178
Dodge: Dodged            |    56 |    72 |   106 |   226 |   366 ||   826
